 Dungeon Crawl Stone Soup version 0.31.0-32-g396128a36d (webtiles) character file.

Game seed: 9718647210951602475

105 Killerpretzel the Changeling (level 4, 0/29 HPs)
             Began as an Octopode Shapeshifter on Mar 8, 2024.
             Slain by Pikel
             ... wielding a +0 whip of freezing
              (5 damage)
             ... on level 4 of the Dungeon.
             The game lasted 00:02:31 (2451 turns).

Killerpretzel the Changeling (OpSh)                 Turns: 2451, Time: 00:02:32

Health: 0/29       AC:  1    Str: 13    XL:     4   Next: 81%
Magic:  4/4        EV: 13    Int: 12    God:
Gold:   194        SH:  0    Dex: 13    Spells: 3/3 levels left

rFire   + .          .
                       - Unarmed
rCold   . . .        (no shield)
rNeg    . . .        (helmet currently unavailable)
rPois   .            (no amulet)
rElec   .            g - ring of protection from fire
rCorr   .            (no ring)
SInv    .            (no ring)
Will    .....        (no ring)
Stlth   ++           (no ring)
HPRegen 0.24/turn    (no ring)
MPRegen 0.09/turn    (no ring)
                     (no ring)

%: no passive effects
@: beast-form
A: beast (slay +2), almost no armour, amphibious, 8 rings, camouflage 1,
gelatinous body 1, (nimble swimmer 1), tentacles
a: Begin Untransformation


You were on level 4 of the Dungeon.
You were a hulking beast.
You visited 1 branch of the dungeon, and saw 4 of its levels.

You collected 194 gold pieces.

Inventory:

Missiles
 i - 2 poisoned darts
 j - a datura-tipped dart (quivered)
 m - 15 stones
 n - 4 atropa-tipped darts
Jewellery
 d - a ring of fire
 e - an amulet of magic regeneration
 g - a ring of protection from fire (left tentacle)
 o - an amulet of reflection
Talismans
 b - a beast talisman
 c - a flux talisman
Wands
 l - a wand of digging (4)
Scrolls
 h - a scroll of amnesia
Potions
 a - a potion of lignification
 f - a potion of heal wounds {unknown}
 k - a potion of curing {unknown}


   Skills:
 + Level 2.1 Fighting
 + Level 2.7 Dodging
 + Level 3.5 Unarmed Combat
 * Level 3.9 Shapeshifting


You had 3 spell levels left.
You didn't know any spells.
Your spell library contained the following spells:

 Spells                   Type           Power      Damage    Failure   Level
 Slow                     Hex            0%         N/A       32%         1
 Summon Small Mammal      Summ           0%         N/A       32%         1
 Call Canine Familiar     Summ           0%         N/A       69%         3
 Confusing Touch          Hex            0%         N/A       69%         3
 Sigil of Binding         Hex            0%         N/A       69%         3
 Tukima's Dance           Hex            0%         N/A       69%         3
 Vampiric Draining        Necr           0%         2d6       69%         3
 Dimensional Bullseye     Hex/Tloc       0%         N/A       97%         4
 Iskenderun's Mystic Bla  Conj/Tloc      0%         2d3       97%         4
 Summon Blazeheart Golem  Fire/Summ      0%         N/A       97%         4


Dungeon Overview and Level Annotations

Branches:
Dungeon (4/15)
 Temple: D:4-7

Altars:

Shops:
D:3 [[=(=

Annotations:
D:3 2 transporters, CapUranus's ghost, amateur HOFi
D:4 Pikel


Innate Abilities, Weirdness & Mutations

You are a hulking beast.
Your limbs bulge with bestial killing power. (Slay +2)
You cannot wear most types of armour.
You are amphibious.
You can wear up to eight rings at the same time.
Your skin changes colour to match your surroundings (Stealth+).
Your rubbery body absorbs attacks. (AC +1, EV +1)
((You are camouflaged when in or above water. (Stealth+)))
You have tentacles for arms and can constrict up to eight enemies at once.


Message History

The lemure hits you but does no damage.
There are monsters nearby!
You barely miss the lemure.
The lemure is moderately wounded.
You constrict the lemure.
The lemure struggles to escape constriction.
You tentacle-slap the lemure.
The lemure is heavily wounded.
You constrict the lemure.
The lemure escapes!
You barely miss the lemure. Your grab misses the lemure. You miss the lemure.
You grab the lemure. You constrict the lemure.
You lose your grip on the lemure.
The lemure closely misses you.
You tentacle-slap Pikel but do no damage.
Your grab misses Pikel. The lemure barely misses you.
You hear a shout!
You barely miss Pikel. You grab Pikel. You constrict Pikel, but do no damage.
You hear a shout!
Pikel closely misses you. The lemure closely misses you.
You tentacle-slap Pikel but do no damage.
You constrict Pikel.
A lemure comes into view.
Pikel hits you with a +0 whip of freezing.
Pikel freezes you. The lemure barely misses you.
You barely miss Pikel. You squeeze Pikel!
Pikel is moderately wounded.
You constrict Pikel. Pikel barely misses you. The lemure hits you!
You tentacle-slap Pikel. x2
Pikel is heavily wounded.
You constrict Pikel, but do no damage.
Pikel hits you with a +0 whip of freezing!
Pikel freezes you.
* * * LOW HITPOINT WARNING * * *
The lemure barely misses you.
You tentacle-slap Pikel but do no damage.
Your squeeze misses Pikel.
Pikel is heavily wounded.
You constrict Pikel.
Pikel hits you with a +0 whip of freezing.
You die...
Pikel says, "Another soul for the market."

.... .... .....
###### ((...
#....#
(.(...#....#
.(....#....#
......K5...#
#h...# #....#
#########....#
#............#
#............#
#............#
#............#
+............##
#......)......#


You could see Pikel and a lemure.

Vanquished Creatures
  A hound (D:4)
  Terence (D:2)
  2 ribbon worms (D:3)
  5 ball pythons
  5 endoplasms
  A giant cockroach (D:2)
  9 goblins
  5 hobgoblins
  6 kobolds
  A quokka (D:2)
  5 bats
  3 frilled lizards (D:1)
  3 rats
47 creatures vanquished.

Vanquished Creatures (others)
  A lemure (D:4)
1 creature vanquished.

Grand Total: 48 creatures vanquished

Notes
Turn   | Place    | Note
-------+----------+-------------------------------------------
     0 | D:1      | Killerpretzel the Octopode Shapeshifter began the quest for
                  | the Orb.
     0 | D:1      | Reached XP level 1. HP: 13/13 MP: 1/1
   172 | D:1      | Reached XP level 2. HP: 18/18 MP: 2/2
   764 | D:1      | Reached XP level 3. HP: 23/23 MP: 3/3
  1125 | D:2      | Noticed Terence
  1137 | D:2      | Killed Terence
  1432 | D:2      | Reached XP level 4. HP: 29/29 MP: 4/4
  1630 | D:2      | You fall into a shaft and drop 1 floor!
  1655 | D:3      | Found a transporter.
  1657 | D:3      | Noticed CapUranus's ghost (amateur HOFi)
  1797 | D:3      | Found Ulisk's Armour Shop.
  1805 | D:3      | Found Qujel's Antique Armour Shoppe.
  1882 | D:3      | Found Weigrigi's Weapon Shop.
  1966 | D:3      | Found Guisaage's Jewellery Boutique.
  2086 | D:3      | Found Tennyckad's Jewellery Boutique.
  2150 | D:3      | Noticed an ice beast
  2155 | D:3      | Found a transporter.
  2435 | D:4      | Noticed Pikel
  2435 | D:4      | Noticed a lemure
  2436 | D:4      | Noticed a lemure
  2437 | D:4      | Noticed a lemure
  2446 | D:4      | Killed a lemure
  2448 | D:4      | Noticed a lemure
  2451 | D:4      | Slain by Pikel

Illustrated notes

Levels and vault maps discovered:
D:1:      nzn_arrival_depleted_hourglass, layout_basic, hangedman_decor_push,
          minivault_5, grunt_decor_junction, minivault_26
D:2:      layout_basic, columned_hall_lemuel, minmay_stone_trees_medium,
          uniq_terence
D:3:      layout_loops_ring, gammafunk_ghost_arena, serial_shops,
          nicolae_shop_bloodbath_and_beyond, nicolae_shop_window_shopping, shop,
          shop, shop, chequers_serial_rivers_small_a
D:4:      layout_gridville, serial_shops,
          nicolae_shop_temple_entry_statues_fountains,
          serial_library_regret_index_small_wings, hangedman_feature_mirror,
          minmay_ruptured, uniq_pikel

Skill      XL: |  1  2  3  4 |
---------------+-------------+-----
Fighting       | 2 |  2.1
Dodging        | |  2.7
Unarmed Combat | |  3.5
Shapeshifting  | |  3.9

Action                     |  1- 3 |  4- 6 || total
---------------------------+-------+-------++-------
  Melee: Unarmed           |    59 |    43 ||   102
         Constrict         |    11 |    12 ||    23
         Tentacles         |     9 |     9 ||    18
         Punch             |     4 |     1 ||     5
  Throw: Stone             |    37 |     3 ||    40
         Dart              |       |    22 ||    22
    Use: Scroll            |     3 |     1 ||     4
   Stab: Sleeping          |     1 |     1 ||     2
 Armour: Skin              |    19 |    22 ||    41
  Dodge: Dodged            |    18 |    24 ||    42
